 Dungeon Crawl Stone Soup version 0.29.1-2-gbd0b4ee654 (webtiles) character file.

Game seed: 13010207380838772771

4643 wingedge the Covert (level 10, -1/59 HPs)
             Began as a Vampire Enchanter on Nov 22, 2022.
             Was a Priest of Sif Muna.
             Shot with a bolt by an orc warrior (20 damage)
             ... on level 9 of the Dungeon.
             The game lasted 00:24:20 (7784 turns).

wingedge the Covert (Vampire Enchanter)             Turns: 7784, Time: 00:24:21

Health: -1/59      AC:  9    Str:  7    XL:     10   Next: 20%
Magic:  0/17       EV: 13    Int: 19    God:    Sif Muna [***...]
Gold:   247        SH:  5    Dex: 18    Spells: 11/19 levels left

rFire   . . .      SeeInvis +   D - +2 dagger (venom)
rCold   + + .      Faith    .   j - +0 buckler
rNeg    + + +      Spirit   .   J - +0 steam dragon scales
rPois   ∞          Reflect  .   k - +2 hat
rElec   .          Harm     .   i - scarf {shadows}
rCorr   .          Rampage  .   f - +0 pair of gloves
Will    +....                   b - +0 pair of boots
Stlth   +++++++...              (no amulet)
HPRegen 0.00/turn               (no ring)
MPRegen 0.15/turn               (no ring)

@: very slightly contaminated, bloodless, inhibited regen
A: bloodless, fangs 3, see invisible, vampiric 2
a: Bat Form, Revivify, Renounce Religion, Channel Magic, Forget Spell


You were on level 9 of the Dungeon.
You worshipped Sif Muna.
Sif Muna was most pleased with you.
You visited 2 branches of the dungeon, and saw 10 of its levels.

You collected 489 gold pieces.
You spent 242 gold pieces at shops.

Inventory:

Hand Weapons
 a - a +1 dagger
 g - a +0 short sword
 u - a +0 sling
 D - a +2 dagger of venom (weapon)
 I - a +0 rapier
Missiles
 q - 32 poisoned darts (quivered)
 y - 2 throwing nets
Armour
 b - a +0 pair of boots (worn)
 f - a +0 pair of gloves (worn)
 i - a scarf of shadows (worn)
 j - a +0 buckler (worn)
 k - a +2 hat (worn)
 J - +0 steam dragon scales (worn)
Magical Staves
 B - a staff of cold
Wands
 e - a wand of charming (8)
 s - a wand of digging (4)
 L - a wand of roots (7)
Scrolls
 l - 2 scrolls of magic mapping
 n - a scroll of vulnerability {unknown}
 p - 2 scrolls of fear
 r - a scroll of enchant weapon {unknown}
 t - a scroll of blinking
 w - 2 scrolls of poison {unknown}
 x - a scroll of enchant armour {unknown}
 F - 3 scrolls of fog
 H - 3 scrolls of teleportation
 K - a scroll of identify
Potions
 c - a potion of cancellation {unknown}
 d - 2 potions of brilliance
 h - 4 potions of haste
 m - 2 potions of attraction
 o - a potion of heal wounds
 v - 2 potions of mutation {unknown}
 z - 2 potions of flight {unknown}
 A - a potion of resistance {unknown}
 C - 2 potions of lignification
 G - a potion of ambrosia {unknown}
Miscellaneous
 E - a tin of tremorstones (1/2)


   Skills:
 - Level 5.0 Fighting
 - Level 5.0 Short Blades
 - Level 4.0 Dodging
 - Level 11.0 Stealth
 - Level 3.0 Shields
 - Level 5.0 Spellcasting
 - Level 3.0 Conjurations
 - Level 7.0 Hexes
 + Level 6.4 Transmutations
 - Level 1.0 Ice Magic
 - Level 3.0 Invocations


You had 11 spell levels left.
You knew the following spells:

 Your Spells              Type           Power      Damage    Failure   Level
a - Ensorcelled Hibernat  Hex/Ice        38%        N/A       4%          2
b - Confusing Touch       Hex            31%        N/A       2%          3
c - Beastly Appendage     Tmut           58%        N/A       1%          1
d - Wereblood             Tmut           29%        N/A       1%          2

Your spell library contained the following spells:

 Spells                   Type           Power      Damage    Failure   Level
 Tukima's Dance           Hex            31%        N/A       2%          3
 Dazzling Flash           Conj/Hex       46%        N/A       6%          3
 Cause Fear               Hex            15%        N/A       9%          4
 Spider Form              Tmut/Pois      16%        N/A       13%         3
 Scorch                   Fire           8%         2d5       24%         2
 Blade Hands              Tmut           14%        N/A       32%         5
 Irradiate                Conj/Tmut      11%        3d15      54%         5
 Flame Wave               Conj/Fire      10%        2d6       65%         4
 Summon Cactus Giant      Summ           2%         N/A       100%        6
 Dragon Form              Tmut           14%        N/A       100%        7
 Dragon's Call            Summ           2%         N/A       100%        9


Dungeon Overview and Level Annotations

Branches:
Dungeon (9/15)             Temple (1/1) D:5
   Lair: D:8-11         Orc: D:9-12

Altars:
Ashenzari
Cheibriados
Fedhas
Gozag
Hepliaklqana
Kikubaaqudgha
Makhleb
Qazlal
Ru
Sif Muna
Trog
Uskayaw
Vehumet
Wu Jian
Xom
Yredelemnul

Shops:
D:5 :   D:7 [

Annotations:
D:8 1 transporter, Du3lingdragon's ghost, novice BaSu


Innate Abilities, Weirdness & Mutations

You do not regenerate when monsters are visible.
You are frail without blood (-20% HP).
You can heal yourself when you bite living creatures.
You are immune to poison.
You have razor-sharp teeth.
You have supernaturally acute eyesight. (SInv)
You are afflicted with vampirism and can become a bat while bloodless.


Message History

Aiming: Ensorcelled Hibernation (safe; 4% risk of failure)
Press: ? - help, Shift-Dir - straight line, f - killer bee
Aim: a killer bee (chance to affect: 61%)
The killer bee resists with significant effort.
The killer bee stings you.
The killer bee stings you but does no damage.
An orc wizard comes into view. It is wielding a +0 dagger.
Casting: Ensorcelled Hibernation (safe; 4% risk of failure)
Confirm with . or Enter, or press ? or * to list all spells.
Aiming: Ensorcelled Hibernation (safe; 4% risk of failure)
Press: ? - help, Shift-Dir - straight line, f - orc wizard, p - killer bee
Aim: an orc wizard, wielding a +0 dagger and wearing a +0 robe (chance to affect: 51%)
You miscast Ensorcelled Hibernation.
Nothing appears to happen.
The killer bee stings you but does no damage.
You block the killer bee's attack.
An orc comes into view. It is wielding a +0 whip.
An orc comes into view. It is wielding a +0 hand axe.
The orc warrior shoots a bolt.
The bolt hits you!
Casting: Ensorcelled Hibernation (safe; 4% risk of failure)
Confirm with . or Enter, or press ? or * to list all spells.
Aiming: Ensorcelled Hibernation (safe; 4% risk of failure)
Press: ? - help, Shift-Dir - straight line, f - centaur, p - orc wizard
Aim: a centaur (chance to affect: 51%)
You miscast Ensorcelled Hibernation.
Nothing appears to happen.
The orc shouts!
The killer bee barely misses you. The centaur hits you. The centaur misses you.
The killer bee completely misses you.
The orc wizard hits you but does no damage.
The centaur misses you. x2
Unknown command.
Casting: Ensorcelled Hibernation (safe; 4% risk of failure)
Confirm with . or Enter, or press ? or * to list all spells.
Aiming: Ensorcelled Hibernation (safe; 4% risk of failure)
Press: ? - help, Shift-Dir - straight line, f/p - centaur
Aim: a centaur (chance to affect: 51%)
The centaur looks drowsy...
The killer bee stings you. The killer bee closely misses you.
The orc wizard hits you but does no damage.
The orc warrior shoots a bolt.
The bolt hits you!!
You die...

.........
#........
#........
#oo(...(.
#o.......
#o.......
#.c......
#######@o......
.....yy########
.....yy......
......c......
.............
.........(...
.............


yy........... You could see an orc warrior, 2 centaurs, 4 killer bees, 2 orc
wizards and 2 orcs.

Vanquished Creatures
  An unseen horror (D:8)
  Grinder (D:5)
  3 yaks (D:8)
  4 steam dragons
  Menkaure (D:6)
  A water moccasin (D:8)
  The ghost of warriortoast the Sneak, an amateur SpEn (D:4)
  3 ice beasts
  A black bear (D:5)
  4 sky beasts
  2 ogres (D:6)
  2 centaurs (D:7)
  A phantom (D:6)
  3 kobold brigands
  3 bullfrogs
  3 necrophages
  4 scorpions
  3 killer bees (D:9)
  3 howler monkeys
  4 jellies
  2 hounds
  A gnoll bouda (D:8)
  3 orc priests
  8 orc wizards
  2 iguanas
  7 gnolls
  4 adders
  3 ufetubi
  22 orcs
  6 endoplasms
  3 giant cockroaches
  8 hobgoblins
  19 kobolds
  3 quokkas
  11 ball pythons
  4 bats
  9 frilled lizards
  4 goblins
  2 rats
169 creatures vanquished.

Vanquished Creatures (others)
  An orc (D:8)
  7 plants (D:5)
8 creatures vanquished.

Grand Total: 177 creatures vanquished

Notes
Turn   | Place    | Note
-------+----------+-------------------------------------------
     0 | D:1      | wingedge the Vampire Enchanter began the quest for the Orb.
     0 | D:1      | Reached XP level 1. HP: 13/13 MP: 3/3
   342 | D:1      | Reached XP level 2. HP: 19/19 MP: 5/5
   364 | D:1      | Found a faded altar of an unknown god.
   658 | D:1      | Learned a level 2 spell: Ensorcelled Hibernation
  1290 | D:2      | Gained mutation: You are afflicted with vampirism and can
                  | become a bat while bloodless. [Vampire growth]
  1290 | D:2      | Reached XP level 3. HP: 25/25 MP: 3/6
  1294 | D:2      | Learned a level 3 spell: Confusing Touch
  1535 | D:3      | Found a shimmering blue altar of Sif Muna.
  1539 | D:3      | Became a worshipper of Sif Muna the Loreminder
  1631 | D:3      | Reached skill level 5 in Stealth
  1687 | D:3      | Noticed a necrophage
  1698 | D:3      | Killed a necrophage
  1699 | D:3      | Reached skill level 1 in Fighting
  1699 | D:3      | Reached skill level 5 in Hexes
  1699 | D:3      | Reached skill level 1 in Ice Magic
  1699 | D:3      | Reached XP level 4. HP: 25/32 MP: 2/8
  1960 | D:3      | Identified the +1 robe "Ijivour" {rF- Dex-3 SInv Stlth+}
  1972 | D:3      | Reached XP level 5. HP: 38/38 MP: 0/9
  2347 | D:4      | Found a bloodstained altar of Trog.
  2350 | D:4      | Found a blossoming altar of Fedhas.
  2359 | D:4      | Found a sacrificial altar of Ru.
  2458 | D:4      | Reached XP level 6. HP: 38/44 MP: 12/12
  2537 | D:4      | Reached * piety under Sif Muna
  2542 | D:4      | Found a basalt altar of Yredelemnul.
  2599 | D:4      | Reached skill level 6 in Stealth
  2831 | D:4      | Found an ancient bone altar of Kikubaaqudgha.
  3174 | D:4      | Found a runed translucent door.
  3177 | D:4      | Noticed warriortoast's ghost (amateur SpEn)
  3203 | D:4      | Killed warriortoast's ghost
  3204 | D:4      | Reached skill level 7 in Stealth
  3369 | D:5      | Entered Level 5 of the Dungeon
  3399 | D:5      | Found a staircase to the Ecumenical Temple.
  3440 | D:5      | Found Caramauth's Tremendous Tomes.
  3629 | D:5      | Reached XP level 7. HP: 41/41 MP: 13/13
  3680 | D:5      | Noticed Grinder
  3685 | D:5      | Paralysed by Grinder for 5 turns
  3709 | D:5      | Killed Grinder
  3710 | D:5      | Reached skill level 5 in Spellcasting
  3880 | D:5      | Reached skill level 8 in Stealth
  3884 | Temple   | Entered the Ecumenical Temple
  4126 | D:5      | Reached XP level 8. HP: 48/48 MP: 12/15
  4546 | D:6      | Reached ** piety under Sif Muna
  4724 | D:6      | Reached skill level 1 in Invocations
  4817 | D:6      | Reached skill level 5 in Short Blades
  4824 | D:6      | Reached skill level 9 in Stealth
  4830 | D:6      | Noticed Menkaure
  4837 | D:6      | Killed Menkaure
  4838 | D:6      | Reached skill level 10 in Stealth
  4953 | D:6      | Reached skill level 11 in Stealth
  5096 | D:6      | Reached XP level 9. HP: 48/52 MP: 7/16
  5780 | D:7      | Reached skill level 5 in Fighting
  5791 | D:7      | Reached skill level 1 in Conjurations
  5791 | D:7      | Reached skill level 1 in Transmutations
  6040 | D:7      | Found Tuqapn's Antique Armour Emporium.
  6093 | D:7      | Bought a pair of boots for 121 gold pieces
  6093 | D:7      | Bought a buckler for 121 gold pieces
  6367 | D:7      | Learned a level 1 spell: Beastly Appendage
  6370 | D:7      | Learned a level 2 spell: Wereblood
  6472 | D:8      | Reached skill level 1 in Shields
  6704 | D:8      | Found a transporter.
  6704 | D:8      | Found a transporter.
  6708 | D:8      | Noticed a deep elf pyromancer
  6711 | D:8      | Noticed an unseen horror
  6713 | D:8      | Noticed Du3lingdragon's ghost (novice BaSu)
  6716 | D:8      | Killed an unseen horror
  6716 | D:8      | Reached *** piety under Sif Muna
  6741 | D:8      | Reached skill level 5 in Transmutations
  6773 | D:8      | HP: 2/54 [shot self (10)]
  7028 | D:8      | Reached XP level 10. HP: 59/59 MP: 12/17
  7784 | D:9      | Shot with a bolt by an orc warrior

Illustrated notes

Levels and vault maps discovered:
D:1:      ebering_trefoil_twist, layout_loops_ring,
          chequers_ecumenical_altar_simple_redux, minmay_misc_feat_iff
D:2:      layout_rooms, minmay_tromino_i4
D:3:      layout_basic, mainiacjoe_overflow_six_doors_small
D:4:      layout_basic, general_overflow_altar,
          grunt_temple_overflow_cloverleaf, ebering_ghost_inner_flame,
          minivault_5, hangedman_decor_peaks_small, minivault_26,
          grunt_decor_arrowhead
D:5:      layout_loops_ring, minmay_temple_entry_mini_moons,
          nicolae_shop_i_like_big_books, lexackson_kobold_supper, uniq_grinder
D:6:      layout_basic, feat_on_display, uniq_menkaure
D:7:      layout_loops_corners, serial_shops, nicolae_shop_statue_plus
D:8:      layout_gridville, nzn_ghost_randoct, dk_noncrumbling_2
D:9:      layout_basic, nemelex_xobeh_ov_fountains_minmay, uniq_psyche
Temple:   dshaligram_water_room_temple

Skill      XL: |  1  2  3  4  5  6  7  8  9 10 |
---------------+-------------------------------+-----
Stealth        | 5 7 8 11 | 11.0
Short Blades   | 2 5 |  5.0
Fighting       | 1 2 3 4 5 |  5.0
Spellcasting   | 3 4 5 |  5.0
Hexes          | 5 6 7 |  7.0
Ice Magic      | 1 |  1.0
Dodging        | 3 4 |  4.0
Invocations    | 3 |  3.0
Conjurations   | 3 |  3.0
Transmutations | 5 6 |  6.4
Shields        | 3 |  3.0

Action                   |  1- 3 |  4- 6 |  7- 9 | 10-12 || total
-------------------------+-------+-------+-------+-------++-------
Melee: Dagger            |    94 |    97 |   166 |    24 ||   381
       Bite              |     6 |     9 |    10 |     1 ||    26
       Punch             |     1 |     2 |     2 |       ||     5
 Cast: Ensorcelled Hiber |    15 |    10 |    45 |    26 ||    96
       Confusing Touch   |     1 |     3 |     6 |       ||    10
 Abil: Exsanguinate      |       |     2 |       |       ||     2
Evoke: Wand              |       |       |     3 |       ||     3
       Tin of tremorston |       |       |     1 |       ||     1
  Use: Potion            |     1 |     1 |     6 |       ||     8
       Scroll            |       |       |     9 |       ||     9
 Stab: Sleeping          |    19 |    16 |    49 |    21 ||   105
       Confused          |     2 |     1 |     3 |       ||     6
       Invisible         |       |     3 |     4 |       ||     7
Armor: Robe              |    22 |    14 |    26 |       ||    62
       Steam dragon scal |       |       |    37 |     8 ||    45
Dodge: Dodged            |    58 |    36 |   120 |    28 ||   242
Block: Buckler           |       |       |    16 |    11 ||    27
